 Dungeon Crawl Stone Soup version 0.22-a0-608-g8a62e23 (webtiles) character file.

7579 galech the Blocker (level 10, -24/86 HPs)
             Began as a Minotaur Fighter on July 9, 2018.
             Was an Elder of Trog.
             Killed from afar by an orc sorcerer (37 damage)
             ... with a bolt of negative energy
             ... while paralysed by an orc sorcerer
             ... on level 10 of the Dungeon.
             The game lasted 00:16:05 (9887 turns).

galech the Blocker (Minotaur Fighter)               Turns: 9887, Time: 00:16:06

Health: -24/86     AC: 16    Str: 21    XL:     10   Next: 97%
Magic:  9/9        EV:  2    Int:  5    God:    Trog [****..]
Gold:   369        SH:  0    Dex: 22    Spells: 9/9 levels left

rFire    . . .     SeeInvis .   i - +0 dagger (venom)
rCold    . . .     Gourm    .   c - +0 shield
rNeg     . . .     Faith    .   G - +0 chain mail of Tenacity {Dex+6}
rPois    .         Spirit   .   (helmet restricted)
rElec    .         Reflect  .   r - +0 cloak
rCorr    .         Harm     +   (no gloves)
MR       .....                  u - +1 pair of boots {Stlth+}
Stlth    ..........             B - amulet of harm
HPRegen  0.24/turn              o - +3 ring of dexterity
MPRegen  0.11/turn              K - +2 ring of protection

@: paralysed, heavily drained
A: retaliatory headbutt, horns 2
a: Berserk, Trog's Hand, Brothers in Arms, Renounce Religion


You were on level 10 of the Dungeon.
You worshipped Trog.
Trog was greatly pleased with you.
You were hungry.

You visited 3 branches of the dungeon, and saw 12 of its levels.
You also visited: Sewer.

You collected 629 gold pieces.
You spent 260 gold pieces at shops.

Inventory:

Hand Weapons
 a - a +0 long sword
 h - a -2 spear
 i - a +0 dagger of venom (weapon)
Armour
 c - a +0 shield (worn)
 m - a +2 pair of boots
 r - a +0 cloak (worn)
 u - a +1 pair of boots of stealth (worn)
 y - a +2 scale mail of fire resistance
 G - the +0 chain mail of Tenacity (worn) {Dex+6}
   (You found it on level 8 of the Dungeon)

   It affects your dexterity (+6).
 I - a +1 chain mail of poison resistance
Jewellery
 o - a +3 ring of dexterity (left hand)
 p - an uncursed ring of ice
 B - an amulet of harm (around neck)
 K - a +2 ring of protection (right hand)
 M - an uncursed ring of fire
Wands
 v - a wand of enslavement (29)
 A - a wand of random effects (42)
 H - a wand of polymorph (9)
Scrolls
 b - a scroll of brand weapon
 l - 8 scrolls of teleportation
 n - a scroll of enchant weapon
 q - 2 scrolls of fog
 s - a scroll of blinking
 z - a scroll of magic mapping
 C - a scroll of vulnerability
 D - a scroll of torment
 E - 2 scrolls of fear
 N - a scroll of enchant armour
Potions
 d - a potion of might
 e - 7 potions of curing
 g - 3 potions of degeneration {unknown}
 k - 6 potions of heal wounds {unknown}
 t - a potion of invisibility
 w - 6 potions of flight
 x - 2 potions of haste
 F - 2 potions of mutation
 J - a potion of lignification
 L - a potion of agility
Comestibles
 f - 18 rations


   Skills:
 + Level 7.5(5.4) Fighting
 + Level 8.0(6.1) Short Blades
 + Level 2.8(4.2) Long Blades
 + Level 3.3(1.4) Polearms
 + Level 10.7(8.4) Armour
 + Level 4.4(2.5) Dodging
 + Level 1.0(0.0) Stealth
 + Level 12.2(9.8) Shields


You had 9 spell levels left.
You didn't know any spells.
Your spell library was empty.

Dungeon Overview and Level Annotations

Branches:
Dungeon (10/15)            Temple (1/1) D:5            Lair (0/6) D:10
    Orc (1/2) D:10

Altars:
Cheibriados
Hepliaklqana
Makhleb
Nemelex Xobeh
Okawaru
Ru
Sif Muna
Trog
Yredelemnul

Shops:
D:6 :[*   D:7 (   D:10 *


Innate Abilities, Weirdness & Mutations

You reflexively headbutt those who attack you in melee.
You have a pair of horns on your head.


Message History

The orc sorcerer is heavily wounded.
The orc sorcerer gestures at you while chanting.
The bolt of negative energy hits you!
You feel drained.
You closely miss the orc sorcerer.
The orc sorcerer is heavily wounded.
You block the orc sorcerer's attack.
You barely miss the orc sorcerer. You headbutt the orc sorcerer.
The orc sorcerer is heavily wounded.
You hit the orc sorcerer. Your headbutt misses the orc sorcerer.
The orc sorcerer is heavily wounded.
The orc sorcerer casts a spell at you.
You suddenly lose the ability to move!
The orc sorcerer hits you but does no damage.
The orc sorcerer gestures at you while chanting.
The bolt of negative energy hits you!
You feel drained.
* * * LOW HITPOINT WARNING * * *
The orc sorcerer hits you but does no damage.
The orc sorcerer casts a spell at you. The bolt of negative energy hits you!
You feel drained.
You die...

#[).:.'.......########.......##
#))...#................#.....#
......#...##'#######.........#
......#...#........#.#.∩.#...####
####################.............
###8###8###.########...#..#######
.#...#...#...#.≈§≈##......#......
.............#.o§≈##......#......
.............'.[@≈##......#......
...).........#.)≈≈##......#......
.#...#...#...#.≈≈≈#.......#......
###.###8###8#######.......#......
# ########### ####.......#......
#.#....#######..........#.....#
#.#....#.....#######....#.....#
#.#....#...........#....#.....#
#.#....'...†.......#....#.....#


You could see an orc sorcerer.

Vanquished Creatures
  A two-headed ogre (D:9)
  An orc knight (D:10)
  The ghost of Hebeh the Skirmisher, a novice MiFi (D:6)
  A gargoyle (D:10)
  A troll (D:10)
  2 hippogriffs
  A hungry ghost (D:8)
  A porcupine (D:10)
  2 sky beasts (D:10)
  2 ice beasts
  2 black bears
  9 orc warriors
  3 ogres
  A centaur (D:9)
  3 big kobolds
  A crocodile (D:10)
  3 bullfrogs
  3 scorpions
  4 killer bees (D:10)
  15 wights
  4 howler monkeys
  An electric eel (D:6)
  3 crimson imps
  A centaur zombie (D:5)
  2 bullfrog skeletons
  A jelly (D:7)
  3 orc priests (D:10)
  A centaur skeleton (D:5)
  5 hounds
  A bullfrog zombie (D:5)
  8 orc wizards
  A gnoll shaman (D:8)
  2 iguanas
  8 worker ants
  A killer bee zombie (D:6)
  A spectral hound (D:6)
  A hound skeleton (D:7)
  A spectral worker ant (D:6)
  2 worker ant zombies
  11 gnolls
  16 adders
  A howler monkey skeleton (D:6)
  2 river rats (Sewer)
  4 shadow imps
  2 oozes
  A spectral adder (D:6)
  An adder zombie (D:7)
  2 worms
  5 dart slugs
  5 leopard geckos
  39 orcs
  7 giant cockroaches
  13 goblins
  7 hobgoblins
  3 jackals
  20 kobolds
  5 quokkas
  3 bats (D:3)
  7 frilled lizards
  5 rats
  A spectral orc (D:6)
264 creatures vanquished.

Notes
Turn   | Place    | Note
-------+----------+-------------------------------------------
     0 | D:1      | galech the Minotaur Fighter began the quest for the Orb.
     0 | D:1      | Reached XP level 1. HP: 19/19 MP: 0/0
   111 | D:1      | Reached XP level 2. HP: 27/27 MP: 1/1
   636 | D:2      | Reached XP level 3. HP: 33/33 MP: 2/2
   901 | D:2      | Reached skill level 4 in Shields
  1273 | D:2      | Reached skill level 1 in Polearms
  1516 | D:2      | Reached XP level 4. HP: 37/41 MP: 3/3
  1729 | D:3      | Found a faded altar of an unknown god.
  2293 | D:3      | Reached XP level 5. HP: 47/47 MP: 4/4
  2342 | D:4      | Reached skill level 5 in Shields
  2432 | D:4      | Reached skill level 1 in Dodging
  2699 | D:4      | Found a sparkling altar of Nemelex Xobeh.
  2857 | D:4      | Reached XP level 6. HP: 50/53 MP: 5/5
  3038 | D:4      | Reached skill level 1 in Short Blades
  3126 | D:5      | Entered Level 5 of the Dungeon
  3174 | D:5      | Found a hazy altar of Hepliaklqana.
  3252 | D:5      | Noticed an ice beast
  3275 | D:5      | Killed an ice beast
  3275 | D:5      | Reached skill level 5 in Armour
  3279 | D:5      | Reached skill level 6 in Shields
  3404 | D:5      | Reached XP level 7. HP: 39/60 MP: 6/6
  3409 | D:5      | Found a glowing drain.
  3413 | Sewer    | Entered a sewer
  3611 | Sewer    | Found a white marble altar of Elyvilon.
  3713 | D:5      | Found a sparkling altar of Nemelex Xobeh.
  3832 | D:5      | Found a staircase to the Ecumenical Temple.
  3858 | Temple   | Entered the Ecumenical Temple
  3898 | Temple   | Became a worshipper of Trog the Wrathful
  3965 | D:5      | Reached skill level 5 in Fighting
  4102 | D:5      | Reached skill level 7 in Shields
  4727 | D:6      | Reached XP level 8. HP: 68/68 MP: 7/7
  5005 | D:6      | Found Opleicw's Antique Armour Boutique.
  5021 | D:6      | Found Biwnea Upheo's Assorted Antiques.
  5024 | D:6      | Bought a scroll of teleportation for 60 gold pieces
  5024 | D:6      | Bought a scroll of identify for 40 gold pieces
  5024 | D:6      | Bought a scroll of identify for 40 gold pieces
  5039 | D:6      | Reached * piety under Trog
  5068 | D:6      | Found Xulaamew's Book Shop.
  5068 | D:6      | Found a deep blue altar of Sif Muna.
  5121 | D:6      | Found a basalt altar of Yredelemnul.
  5328 | D:6      | Found a runed gate.
  5328 | D:6      | Found a runed gate.
  5328 | D:6      | Found a runed gate.
  5330 | D:6      | Noticed Hebeh's ghost (novice MiFi)
  5428 | D:7      | Noticed a hippogriff
  5442 | D:7      | Killed a hippogriff
  5505 | D:7      | Reached skill level 8 in Shields
  5689 | D:7      | Reached skill level 5 in Short Blades
  5910 | D:7      | Found an iron altar of Okawaru.
  5969 | D:7      | Reached skill level 9 in Shields
  5982 | D:7      | Reached ** piety under Trog
  6049 | D:7      | Reached XP level 9. HP: 75/75 MP: 8/8
  6263 | D:7      | Found Noicenumi's Antique Weapon Shop.
  6517 | D:8      | You fall through a shaft!
  6573 | D:8      | Got a bloodstained chain mail
  6584 | D:8      | Identified the cursed +0 chain mail of Tenacity {Dex+6} (You found it on level 8 of the Dungeon)
  6748 | D:8      | Reached skill level 10 in Shields
  6756 | D:8      | Found a burning altar of Makhleb.
  7140 | D:9      | Reached *** piety under Trog
  7208 | D:9      | Noticed a two-headed ogre
  7218 | D:9      | Killed a two-headed ogre
  7225 | D:9      | Found a sacrificial altar of Ru.
  7242 | D:9      | Reached XP level 10. HP: 63/84 MP: 9/9
  7731 | D:6      | Killed Hebeh's ghost
  7731 | D:6      | Reached skill level 11 in Shields
  7833 | D:10     | Entered Level 10 of the Dungeon
  7995 | D:10     | Noticed a gargoyle
  8011 | D:10     | Killed a gargoyle
  8108 | D:10     | Reached skill level 10 in Armour
  8602 | D:10     | Reached **** piety under Trog
  8682 | D:10     | Reached skill level 1 in Stealth
  8826 | D:10     | Found Ror Zuo's General Store.
  8842 | D:10     | Bought a scroll of identify for 30 gold pieces
  8842 | D:10     | Bought a potion of curing for 45 gold pieces
  8842 | D:10     | Bought a potion of curing for 45 gold pieces
  8861 | D:10     | Found a staircase to the Lair.
  8997 | D:10     | Reached skill level 12 in Shields
  9216 | D:10     | Found a staircase to the Orcish Mines.
  9325 | Orc:1    | Entered Level 1 of the Orcish Mines
  9326 | Orc:1    | Noticed an orc sorcerer
  9420 | Orc:1    | Noticed an orc knight
  9538 | D:10     | Killed an orc knight
  9874 | Orc:1    | Noticed a rust devil
  9875 | Orc:1    | Noticed an orc high priest
  9883 | D:10     | Paralysed by an orc sorcerer for 4 turns
  9887 | D:10     | Killed from afar by an orc sorcerer

Vault maps used:
D:1:      minmay_arrival_glassed_features, serial_bayou_pond_e
D:2:      kennysheep_the_goblin_king
D:3:      chequers_ecumenical_altar_simple
D:4:      nemelex_xobeh_ov_fountains_minmay
D:5:      kennysheep_mini_moat, minmay_temple_entry_hall, first_ration,
          gup_sewer_entry_spiral, nemelex_spade_bored_becter
D:6:      lemuel_crystal_altar, yredelemnul_forgotten_temple_becter,
          serial_shops, shop, shop_fountains, shop, gammafunk_ghost_necromancy,
          minivault_4
D:7:      kennysheep_little_box, serial_shops, shop
D:8:      nicolae_overflow_crystal_walls
D:9:      hangedman_ru_absence
D:10:     grunt_lair_entry_orc_guard_hut, david_orc_4, serial_shops,
          nicolae_shop_stone
Temple:   regret_index_temple_generic_petals
Orc:1:    special_room, guppyfry_orc_lava_fort
Sewer:    sewer_kobolds

Skill      XL: |  1  2  3  4  5  6  7  8  9 10 |
---------------+-------------------------------+-----
Armour         | 4 5 6 7 8 10 | 10.7
Fighting       | 4 5 6 7 |  7.5
Shields        | 4 5 6 7 9 10 12 | 12.2
Polearms       | 1 2 3 |  3.3
Dodging        | 1 2 3 4 |  4.4
Short Blades   | 1 3 5 6 8 |  8.0
Stealth        | 1 |  1.0
Long Blades    | |  2.8

Action                   |  1- 3 |  4- 6 |  7- 9 | 10-12 || total
-------------------------+-------+-------+-------+-------++-------
Melee: Spear             |   165 |    73 |       |       ||   238
       Headbutt          |    21 |    48 |   154 |   122 ||   345
       Long sword        |     2 |       |       |       ||     2
       Dagger            |       |   172 |   505 |   311 ||   988
Invok: Berserk           |       |       |       |     2 ||     2
       Trog's Hand       |       |       |       |     1 ||     1
  Use: Scroll            |     7 |     4 |     3 |     8 ||    22
  Eat: Chunk             |     2 |     6 |    17 |    10 ||    35
Armor: Scale mail        |    21 |       |    41 |       ||    62
       Chain mail        |    28 |    97 |   101 |    77 ||   303
Dodge: Dodged            |    22 |    44 |   117 |    47 ||   230
Block: Shield            |    69 |   117 |   230 |   149 ||   565

Table legend:
 A = Spawn XP
 B = Non-spawn XP
 C = Spawn XP percentage of total XP
 D = Spawn monster count
 E = Non-spawn monster count
 F = Spawn count percentage of total count
 G = Total turns spent on level
                    A         B        C        D         E        F      G
               +---------+---------+-------+---------+---------+-------+---------
         Total |       0 |   10828 |   0.0 |       0 |     264 |   0.0 |  9887
               +---------+---------+-------+---------+---------+-------+---------
           D:1 |       0 |      34 |   0.0 |       0 |      13 |   0.0 |   528
           D:2 |       0 |      77 |   0.0 |       0 |      26 |   0.0 |  1132
           D:3 |       0 |      85 |   0.0 |       0 |      23 |   0.0 |   669
           D:4 |       0 |     247 |   0.0 |       0 |      15 |   0.0 |   797
           D:5 |       0 |     733 |   0.0 |       0 |      28 |   0.0 |   942
           D:6 |       0 |     928 |   0.0 |       0 |      24 |   0.0 |  1117
           D:7 |       0 |    1358 |   0.0 |       0 |      32 |   0.0 |  1083
           D:8 |       0 |    1060 |   0.0 |       0 |      16 |   0.0 |   666
           D:9 |       0 |    1706 |   0.0 |       0 |      24 |   0.0 |   598
          D:10 |       0 |    4462 |   0.0 |       0 |      53 |   0.0 |  2039
         Sewer |       0 |     138 |   0.0 |       0 |      10 |   0.0 |   241
               +---------+---------+-------+---------+---------+-------+---------
